 Dungeon Crawl Stone Soup version 0.32-a0-361-g289a535e89 (webtiles) character file.

Game seed: 2875367880740091451

523 cforsyth the Trooper (level 7, -2/54 HPs)
             Began as a Djinni Fire Elementalist on Feb 18, 2024.
             Was a Priest of Wu Jian.
             Killed by an exploding Duvessa (11 damage)
             ... ignited by their inner flame
             ... on level 4 of the Dungeon.
             The game lasted 00:04:24 (3925 turns).

cforsyth the Trooper (Djinni Fire Elementalist)     Turns: 3925, Time: 00:04:25

Health: -2/54      AC:  4    Str:  7    XL:     7   Next: 46%
Gold:   181        EV: 12    Int: 18    God:    Wu Jian [***...] SH:  0 Dex: 14

rFire   + + .        (no weapon)
rCold   x . .        (no shield)
rNeg    . . .        a - +0 robe
rPois   ∞            (no helmet)
rElec   .            h - +1 cloak
rCorr   +            (no gloves)
SInv    .            (boots unavailable)
Will    .....        (no amulet)
Stlth   ++           R - ring of resist corrosion
HPRegen 0.29/turn    (no ring)
MPRegen 0.00/turn

%: infuse magic (-3 HP)
@: flying
A: sickness immunity, fire resistance 2, cold vulnerability 1, float, innate
caster, HP casting, extra vitality 1
a: Renounce Religion, Wall Jump, Serpent's Lash


You were on level 4 of the Dungeon.
You worshipped Wu Jian.
Wu Jian was most pleased with you.
You visited 1 branch of the dungeon, and saw 4 of its levels.

You collected 181 gold pieces.


Innate Abilities, Weirdness & Mutations

You are immune to sickness and miasma.
You are immune to poison.
Your flesh is very heat resistant. (rF++)
You are vulnerable to cold. (rC-)
You float through the air rather than walking.
You learn spells naturally, not from books.
Your magical power is your life essence.
You have superior vitality. (+4 MHP)


   Skills:
 + Level 5.1 Fighting
 - Level 2.1 Dodging
 - Level 1.5 Stealth
 + Level 5.0 Spellcasting
 + Level 5.0 Conjurations
 + Level 5.0 Hexes
 + Level 5.0 Summonings
 + Level 5.0 Necromancy
 + Level 5.0 Translocations
 + Level 5.0 Fire Magic
 + Level 5.0 Ice Magic
 + Level 5.0 Air Magic
 + Level 5.0 Earth Magic
 + Level 5.0 Alchemy


You knew the following spells:

 Your Spells              Type           Power      Damage    Failure   Level
a - Jinxbite              Hex            44%        N/A       2%          2
f - Foxfire               Conj/Fire      88%        2x1d8     1%          1
r - Inner Flame           Hex/Fire       22%        N/A       4%          3
s - Slow                  Hex            88%        N/A       1%          1
y - Searing Ray           Conj           44%        2d6       2%          2
X - Scorch                Fire           44%        2d6       2%          2
Y - Volatile Blastmotes   Fire/Tloc      44%        2d13      4%          3
Z - Flame Wave            Conj/Fire      22%        2d8       16%         4
Your spell library was empty.

Inventory:

Armour
 a - a +0 robe (worn)
 f - the +1 tower shield "Oggigu" {Will+ rCorr}
   (You found it on level 2 of the Dungeon)

   Will+:     It increases your willpower.
   rCorr:     It protects you from acid and corrosion.
 h - a +1 cloak (worn)
 l - a scarf of repulsion
Magical Staves
 j - a staff of alchemy {!a}
Jewellery
 R - a ring of resist corrosion (left hand)
Wands
 m - a wand of flame (26)
Scrolls
 b - 3 scrolls of amnesia {unknown}
 c - 3 scrolls of fog {unknown}
 d - 6 scrolls of identify {unknown}
 g - 2 scrolls of blinking {unknown}
 i - a scroll of enchant armour {unknown}
 k - a scroll of silence {unknown}
 n - a scroll of brand weapon {unknown}
 p - a scroll of enchant weapon {unknown}
Potions
 e - a potion of ambrosia {unknown}
 o - a potion of heal wounds {unknown}
 q - a potion of mutation {unknown}

Dungeon Overview and Level Annotations

Branches:
Dungeon (4/15)
 Temple: D:4-7

Altars:
Wu Jian

#........#.........#.....#.†.
#........#.........#.....#...
#........#.........#.....#.<.
#........#.........#.....#...
######...###.............####
#######..#######.#......
#...# #.+...... #..§#
#.#...... #.@§# #.#......
##○§# #.#......
#§§§'....ß#........
#...#....⌠#........
#...#######........
+....).............
#..........<.......
#..................
########'#####.....


There were no monsters in sight!


Message History

Aiming: Inner Flame (dangerous; 4% risk of failure)
Press: ? - help, Dir - move target, f/p - Dowan
Aim: Dowan, wielding a +3 dagger of freezing and wearing a +0 robe (chance to affect: 78%) Dowan is filled with an inner flame.
Duvessa hits you with a +2 short sword of draining!
* * * LOW HITPOINT WARNING * * *
Dowan hits you with a +3 dagger of freezing.
* * * LOW HITPOINT WARNING * * *
Dowan freezes you.
* * * LOW HITPOINT WARNING * * *
Unknown command.
Casting: Inner Flame (dangerous; 4% risk of failure)
Confirm with . or Enter, or press ? or * to list all spells.
Flames lash Dowan.
Flame seeps out of Dowan.
Dowan is moderately wounded.
Dowan's fire resistance burns away.
* * * LOW HITPOINT WARNING * * *
Duvessa is no longer more vulnerable to fire.
Duvessa hits you but does no damage.
Dowan is engulfed in blazing flames.
The Council accepts your kill.
Duvessa weeps, and shakes her weapon.
Duvessa goes berserk!
Dowan explodes!
The fiery explosion engulfs you. You resist.
* * * LOW HITPOINT WARNING * * *
The fiery explosion engulfs Duvessa!!!
The Council accepts your kill.
Duvessa explodes!
The fiery explosion engulfs you! You resist.
You die...

Skill      XL: |  1  2  3  4  5  6  7 |
---------------+----------------------+-----
Fighting       | 1 2 3 4 5 |  5.1
Spellcasting   | 4 5 |  5.0
Conjurations   | 4 5 |  5.0
Hexes          | 4 5 |  5.0
Summonings     | 4 5 |  5.0
Necromancy     | 4 5 |  5.0
Translocations | 4 5 |  5.0
Fire Magic     | 4 5 |  5.0
Ice Magic      | 4 5 |  5.0
Air Magic      | 4 5 |  5.0
Earth Magic    | 4 5 |  5.0
Alchemy        | 4 5 |  5.0
Dodging        | |  2.1
Stealth        | |  1.5

Action                     |  1- 3 |  4- 6 |  7- 9 || total
---------------------------+-------+-------+-------++-------
  Melee: Unarmed           |     2 |     1 |       ||     3
   Cast: Foxfire           |    73 |   220 |    59 ||   352
         Inner Flame       |       |       |     5 ||     5
         Scorch            |       |       |     3 ||     3
Ability: Lunge             |       |     1 |       ||     1
 Armour: Robe              |     4 |    10 |     6 ||    20
  Dodge: Dodged            |     6 |     8 |     2 ||    16

Levels and vault maps discovered:
D:1:      saegor_arrival_simple_e, layout_loops_ring,
          ebering_ecumenical_altar_webs, nicolae_grassy_gnolls
D:2:      minmay_razor_zed, layout_basic, roderic_serpentine_path
D:3:      layout_basic, uniq_jessica
D:4:      dreamdust_elfheim, layout_gridville

Notes
Turn   | Place    | Note
-------+----------+-------------------------------------------
     0 | D:1      | cforsyth the Djinni Fire Elementalist began the quest for
                  | the Orb.
     0 | D:1      | cforsyth set off with the following spells memorised:
                  | Foxfire, Scorch, Volatile Blastmotes, Inner Flame, Flame
                  | Wave.
     0 | D:1      | Reached XP level 1. HP: 15/15 MP: 0/0
   153 | D:1      | Reached XP level 2. HP: 20/22 MP: 0/0
   155 | D:1      | Reached skill level 1 in Fighting
   345 | D:1      | Reached XP level 3. HP: 22/27 MP: 0/0
   345 | D:1      | Learned a level 1 spell: Slow
   444 | D:1      | Found a faded altar of an unknown god.
   526 | D:1      | Prayed at the altar of an unknown god.
   526 | D:1      | Became a worshipper of the Wu Jian Council
   526 | D:1      | Reached * piety under Wu Jian
   535 | D:1      | Reached skill level 2 in Fighting
   917 | D:2      | Identified the +1 tower shield "Oggigu" {Will+ rCorr}
   927 | D:2      | Reached XP level 4. HP: 26/33 MP: 0/0
  1321 | D:2      | Reached skill level 3 in Fighting
  1321 | D:2      | Reached XP level 5. HP: 33/40 MP: 0/0
  1321 | D:2      | Learned a level 2 spell: Jinxbite
  1325 | D:2      | Reached skill level 4 in Spellcasting
  1325 | D:2      | Reached skill level 4 in Conjurations
  1325 | D:2      | Reached skill level 4 in Hexes
  1325 | D:2      | Reached skill level 4 in Summonings
  1325 | D:2      | Reached skill level 4 in Necromancy
  1325 | D:2      | Reached skill level 4 in Translocations
  1325 | D:2      | Reached skill level 4 in Fire Magic
  1325 | D:2      | Reached skill level 4 in Ice Magic
  1325 | D:2      | Reached skill level 4 in Air Magic
  1325 | D:2      | Reached skill level 4 in Earth Magic
  1325 | D:2      | Reached skill level 4 in Alchemy
  1437 | D:2      | Reached ** piety under Wu Jian
  2528 | D:3      | Noticed Jessica
  2530 | D:3      | Killed Jessica
  2531 | D:3      | Reached XP level 6. HP: 42/47 MP: 0/0
  2922 | D:3      | Reached skill level 4 in Fighting
  3311 | D:4      | Reached *** piety under Wu Jian
  3329 | D:4      | Reached XP level 7. HP: 51/53 MP: 0/0
  3329 | D:4      | Learned a level 2 spell: Searing Ray
  3601 | D:4      | Reached skill level 5 in Fighting
  3601 | D:4      | Reached skill level 5 in Spellcasting
  3601 | D:4      | Reached skill level 5 in Conjurations
  3601 | D:4      | Reached skill level 5 in Hexes
  3601 | D:4      | Reached skill level 5 in Summonings
  3601 | D:4      | Reached skill level 5 in Necromancy
  3601 | D:4      | Reached skill level 5 in Translocations
  3601 | D:4      | Reached skill level 5 in Fire Magic
  3601 | D:4      | Reached skill level 5 in Ice Magic
  3601 | D:4      | Reached skill level 5 in Air Magic
  3601 | D:4      | Reached skill level 5 in Earth Magic
  3601 | D:4      | Reached skill level 5 in Alchemy
  3917 | D:4      | Noticed Duvessa
  3918 | D:4      | Noticed Dowan
  3925 | D:4      | Killed Dowan
  3925 | D:4      | Killed Duvessa
  3925 | D:4      | Killed by an exploding Duvessa... ignited by their inner
                  | flame

Vanquished Creatures
  Duvessa (D:4)
  A black bear (D:4)
  A scorpion (D:3)
  Dowan (D:4)
  A bombardier beetle (D:3)
  Jessica (D:3)
  7 adders
  8 gnolls
  2 ribbon worms
  3 dart slugs
  8 orcs
  6 ball pythons
  8 bats
  8 endoplasms
  A giant cockroach (D:4)
  9 goblins
  5 hobgoblins
  A jackal (D:2)
  12 kobolds
  4 quokkas
  7 frilled lizards
  4 rats
99 creatures vanquished.

Vanquished Creatures (collateral kills)
  12 foxfires (D:1)
12 creatures vanquished.

Vanquished Creatures (others)
  596 foxfires
596 creatures vanquished.

Grand Total: 707 creatures vanquished

Table legend: (Time is in decaauts)
 A = Elapsed time spent in this place.
 B = Non-inter-level travel time spent in this place.
 C = Inter-level travel time spent in this place.
 D = Time resting spent in this place.
 E = Time spent auto-exploring this place.
 F = Levels seen in this place.
 G = Mean time per level.
                   A        B        C        D        E       F      G
               +--------+--------+--------+--------+--------+-----+--------+
         Total |   3923 |   3878 |     45 |      0 |   3289 |   4 |  980.8 |
       Dungeon |   3923 |   3878 |     45 |      0 |   3289 |   4 |  980.8 |
               +--------+--------+--------+--------+--------+-----+--------+

Top non-repeatable levels by time:
     D:2: 1539 daAuts
     D:1: 912 daAuts
     D:3: 785 daAuts
     D:4: 686 daAuts

Table legend:
 A = Non-vault XP
 B = Vault XP
 C = Vault XP percentage of total XP
 D = Non-vault monster count
 E = Vault monster count
 F = Vault count percentage of total count
                 A         B        C        D         E       F
            +---------+---------+-------+---------+---------+-------
      Total |     669 |     295 |  30.6 |      86 |      13 |  13.1
            +---------+---------+-------+---------+---------+-------
        D:1 |      49 |      14 |  22.2 |      18 |       1 |   5.3
        D:2 |     163 |      27 |  14.2 |      25 |       9 |  26.5
        D:3 |     208 |      38 |  15.4 |      25 |       1 |   3.8
        D:4 |     249 |     216 |  46.5 |      18 |       2 |  10.0
            +---------+---------+-------+---------+---------+-------
